 Dungeon Crawl Stone Soup version 0.26.1-11-gd32895ea62 (webtiles) character file.

Game seed: 6156311365374477231

268 H0rd4k the Insei (level 6, 0/38 HPs)
             Began as an Octopode Transmuter on May 20, 2021.
             Was an Initiate of Gozag.
             Splashed by a jelly's acid (1 damage)
             ... on level 5 of the Dungeon.
             The game lasted 00:05:00 (5561 turns).

H0rd4k the Insei (Octopode Transmuter)              Turns: 5561, Time: 00:05:00

Health: 0/38       AC: -11   Str:  9    XL:     6   Next: 21%
Magic:  8/10       EV: 14    Int: 17    God:    Gozag
Gold:   199        SH:  0    Dex: 13    Spells: 6/10 levels left

rFire    . . .     SeeInvis .     - Unarmed
rCold    . . .     Faith    +   (no shield)
rNeg     + . .     Spirit   .   (helmet restricted)
rPois    .         Reflect  .   k - amulet of faith
rElec    .         Harm     .   q - ring of positive energy
rCorr    .         Rampage  .   (no ring)
Will     .....                  (no ring)
Stlth    ++........             (no ring)
HPRegen  0.12/turn              (no ring)
MPRegen  0.12/turn              (no ring)
                                (no ring)
                                (no ring)

@: corroded
A: almost no armour, stealthy swim, amphibious, 8 rings, constrict 8, camouflage
1, gelatinous body 1
a: Renounce Religion, Potion Petition, Call Merchant, Bribe Branch


You were on level 5 of the Dungeon.
You worshipped Gozag.
Gozag was aware of your devotion.
You visited 2 branches of the dungeon, and saw 6 of its levels.

You collected 266 gold pieces.
You paid 67 gold pieces to Gozag.

Inventory:

Missiles
 j - 4 silver javelins
 s - 10 poisoned darts (quivered)
Magical Staves
 o - an uncursed staff of poison {unknown}
Jewellery
 k - an amulet of faith (around mantle)
 q - a ring of positive energy (left tentacle)
Scrolls
 b - 2 scrolls of identify {unknown}
 d - a scroll of enchant weapon {unknown}
 i - 4 scrolls of remove curse {unknown}
 m - a scroll of immolation {unknown}
 n - 2 scrolls of amnesia {unknown}
 p - a scroll of teleportation {unknown}
Potions
 a - 2 potions of mutation {unknown}
 c - a potion of ambrosia {unknown}
 e - a potion of invisibility {unknown}
 f - a potion of magic {unknown}
 g - a potion of attraction {unknown}
 h - 3 potions of might
 l - a potion of brilliance {unknown}
 r - 2 potions of flight {unknown}
 t - a potion of resistance {unknown}


   Skills:
 + Level 1.3 Fighting
 + Level 2.5 Dodging
 - Level 0.4 Stealth
 + Level 5.2 Unarmed Combat
 * Level 2.8 Spellcasting
 * Level 3.0 Transmutations
 + Level 1.2 Poison Magic


You had 6 spell levels left.
You knew the following spells:

 Your Spells              Type           Power        Failure   Level
a - Beastly Appendage     Tmut           24%          4%          1
b - Spider Form           Tmut/Pois      4%           22%         3

Your spell library contained the following spells:

 Spells                   Type           Power        Failure   Level
 Wereblood                Tmut           12%          8%          2
 Ice Form                 Ice/Tmut       7%           67%         4
 Blade Hands              Tmut           6%           80%         5


Dungeon Overview and Level Annotations

Branches:
Dungeon (5/15)             Temple (1/1) D:4

Altars:
Ashenzari
Cheibriados
Dithmenos
Elyvilon
Fedhas
Gozag
Hepliaklqana
Kikubaaqudgha
Makhleb
Nemelex Xobeh
Okawaru
Qazlal
Ru
Sif Muna
Trog
Uskayaw
Vehumet
Wu Jian
Xom
Yredelemnul
Zin
The Shining One

Annotations:
D:3 exclusion: downstairs
D:4 exclusion: downstairs, Menkaure, Pikel
D:5 Blork the orc


Innate Abilities, Weirdness & Mutations

You cannot wear most types of armour.
You are very stealthy in the water. (Stealth+)
You are amphibious.
You can wear up to eight rings at the same time.
You can use your tentacles to constrict eight enemies at once.
Your skin changes colour to match your surroundings (Stealth+).
Your rubbery body absorbs attacks. (AC +1, EV +1)


Message History

You tentacle-slap the jelly but do no damage.
Your tentacles burn!
The jelly is heavily wounded.
The jelly hits you.
You are splashed with acid!
* * * LOW HITPOINT WARNING * * *
You tentacle-slap the jelly.
Your tentacles burn!
* * * LOW HITPOINT WARNING * * *
You tentacle-slap the jelly.
The jelly is almost dead.
The jelly closely misses you.
Your magical contamination has completely faded away.
You tentacle-slap the jelly but do no damage.
Your tentacles burn!
* * * LOW HITPOINT WARNING * * *
The jelly is almost dead.
The jelly barely misses you.
You tentacle-slap the jelly but do no damage.
The acid corrodes you!
Your tentacles burn!
You die...
Your body crumbles into a pile of gold.

...o.....#.#
...........#
.....<..!.##
#####..J..#####
#.#...##...
#..#.......####
##.##.........#
.# ..##
#J..####### ..
.# #@........
## # ##.######
$ ##.########
#.........# $
#......>..#
#.........#
#......<..#
#.........#
#.........#


You could see a jelly.

Vanquished Creatures
  An orc wizard (D:3)
  Jessica (D:2)
  An iguana (D:4)
  A worker ant (D:4)
  4 adders
  3 gnolls (D:4)
  2 oozes
  2 worms
  2 dart slugs (D:1)
  2 leopard geckos (D:4)
  4 orcs
  8 bats
  4 giant cockroaches
  10 goblins
  9 hobgoblins
  3 quokkas
  8 frilled lizards
  A jackal skeleton (D:4)
  9 kobolds
  3 rats (D:2)
78 creatures vanquished.

Notes
Turn   | Place    | Note
-------+----------+-------------------------------------------
     0 | D:1      | H0rd4k the Octopode Transmuter began the quest for the Orb.
     0 | D:1      | Reached XP level 1. HP: 13/13 MP: 3/3
   213 | D:1      | Reached XP level 2. HP: 17/18 MP: 5/5
   620 | D:1      | Found a snail-covered altar of Cheibriados.
   788 | D:1      | Reached XP level 3. HP: 23/23 MP: 6/6
   792 | D:1      | Learned a level 3 spell: Spider Form
  1583 | D:2      | Reached skill level 4 in Unarmed Combat
  1680 | D:2      | Reached XP level 4. HP: 21/28 MP: 7/7
  2032 | D:2      | Found a white marble altar of Elyvilon.
  2148 | D:2      | Noticed Jessica
  2153 | D:2      | Killed Jessica
  2912 | D:3      | Reached skill level 1 in Poison Magic
  3315 | D:3      | Reached XP level 5. HP: 24/33 MP: 8/8
  3697 | D:3      | Found a broken altar of Ashenzari.
  3826 | D:4      | Noticed a lemure
  3828 | D:4      | Noticed a lemure
  3829 | D:4      | Noticed Pikel
  3829 | D:4      | Noticed a lemure
  3829 | D:4      | Noticed a lemure
  3830 | D:4      | Found a staircase to the Ecumenical Temple.
  3970 | D:4      | HP: 1/33 [iguana (15)]
  3987 | D:4      | Noticed Menkaure
  4269 | D:4      | Reached skill level 5 in Unarmed Combat
  4269 | D:4      | Reached XP level 6. HP: 8/38 MP: 7/10
  4573 | Temple   | Entered the Ecumenical Temple
  4687 | Temple   | Became a worshipper of Gozag Ym Sagoz the Greedy
  5051 | D:5      | Entered Level 5 of the Dungeon
  5051 | D:5      | Noticed Blork the orc
  5319 | D:4      | Found a stormy altar of Qazlal.
  5395 | D:4      | Found a burning altar of Makhleb.
  5495 | D:4      | Noticed a phantom
  5560 | D:5      | HP: 1/38 [acid (5)]
  5561 | D:5      | Splashed by a jelly's acid

Illustrated notes

Levels and vault maps discovered:
D:1:      minmay_arrival_stone_box, layout_loops_corners, cheibriados_altar_1
D:2:      layout_loops_corners, elyvilon_altar_4, uniq_jessica
D:3:      layout_rooms, ashenzari_altar_1
D:4:      layout_loops_cross, nicolae_overflow_hidden_temple,
          minmay_temple_entry_junction_2, serial_rivers,
          chequers_serial_rivers_marsh, chequers_serial_rivers_marsh,
          chequers_serial_rivers_room_b, chequers_serial_rivers_small_b,
          chequers_serial_rivers_micro_c, grunt_qazlal_clouds, uniq_menkaure,
          uniq_pikel
D:5:      layout_rooms, ebering_ghost_sewer_d, chequers_big_river,
          minmay_fire_ice_demons, uniq_blork_the_orc
Temple:   kilobyte_greek_temple

Skill      XL: |  1  2  3  4  5 |
---------------+----------------+-----
Unarmed Combat | 4 5 |  5.2
Poison Magic   | 1 |  1.2
Transmutations | 3 |  3.0
Fighting       | |  1.3
Dodging        | |  2.5
Stealth        | |  0.4
Spellcasting   | |  2.8

Action                   |  1- 3 |  4- 6 || total
-------------------------+-------+-------++-------
Melee: Unarmed           |    87 |   119 ||   206
       Constrict         |    16 |    29 ||    45
       Tentacles         |    11 |    22 ||    33
       Punch             |     4 |     4 ||     8
 Cast: Spider Form       |       |     1 ||     1
 Stab: Sleeping          |     8 |     4 ||    12
       Distracted        |       |     4 ||     4
Armor: Skin              |     2 |    14 ||    16
Dodge: Dodged            |    45 |    77 ||   122
